 Dungeon Crawl Stone Soup version 0.21.1-1-g345015f (webtiles) character file.

39 Fang the Skirmisher (level 3, -4/24 HPs)
             Began as a Gargoyle Berserker on June 7, 2018.
             Was a Believer of Trog.
             Slain by an iguana (12 damage)
             ... on level 2 of the Dungeon.
             The game lasted 00:00:56 (963 turns).

Fang the Skirmisher (Gargoyle Berserker)             Turns: 963, Time: 00:00:57

Health: -4/24      AC:  5    Str: 21    XL:     3   Next: 45%
Magic:  3/3        EV: 12    Int:  7    God:    Trog [**....]
Gold:   78         SH:  0    Dex:  9    Spells: 2/2 levels left

rFire    . . .     SeeInvis .   a - +0 hand axe
rCold    . . .     Gourm    .   (no shield)
rNeg     + . .     Faith    .   b - +0 animal skin
rPois    ∞         Spirit   .   (no helmet)
rElec    +         Reflect  .   (no cloak)
rCorr    .         Harm     .   (no gloves)
MR       .....                  (no boots)
Stlth    +.........             (no amulet)
HPRegen  0.08/turn              (no ring)
MPRegen  0.08/turn              (no ring)

@: berserk cooldown, slowed, very slow
A: negative energy resistance 1, electricity resistance, unbreathing,
petrification resistance, rot immunity, AC +3
a: Berserk, Trog's Hand, Burn Spellbooks, Renounce Religion


You were on level 2 of the Dungeon.
You worshipped Trog.
Trog was pleased with you.
You were hungry.

You visited 1 branch of the dungeon, and saw 2 of its levels.

You collected 78 gold pieces.

Inventory:

Hand Weapons
 a - a +0 hand axe (weapon)
Armour
 b - a +0 animal skin (worn)
Scrolls
 e - a scroll of teleportation {unknown}
 f - a scroll of remove curse {unknown}
 g - a scroll of enchant armour {unknown}
 h - 2 scrolls of fog {unknown}
 j - a scroll of amnesia {unknown}
Potions
 d - a potion of curing {unknown}
 i - a potion of flight {unknown}
 k - a potion of degeneration {unknown}
 l - 2 potions of berserk rage {unknown}
Comestibles
 c - 2 rations


   Skills:
 + Level 3.8 Fighting
 + Level 3.3 Axes
 + Level 2.3 Armour
 + Level 1.9 Dodging
 + Level 0.2 Stealth


You had 2 spell levels left.
You didn't know any spells.

Dungeon Overview and Level Annotations

Branches:
Dungeon (2/15)

Altars:


Innate Abilities, Weirdness & Mutations

You are resistant to torment.
Your stone body is resilient. (AC +3)
You are immune to poison.
You resist negative energy. (rN+)
You are resistant to electric shocks. (rElec)
You can survive without breathing.
You are immune to petrification.
You are immune to rotting.


Message History

You hit the hobgoblin.
You kill the hobgoblin!
Trog accepts your kill. The iguana closely misses you.
Things that are here:
a club; a hobgoblin corpse You hit the iguana.
The iguana is lightly wounded.
The iguana bites you. The iguana closely misses you.
You hit the iguana but do no damage.
The iguana is lightly wounded.
The iguana bites you! The iguana barely misses you.
You barely miss the iguana.
The iguana is lightly wounded.
The iguana closely misses you.
You closely miss the iguana.
The iguana is lightly wounded.
The iguana bites you! x2
Ouch! That really hurt!
You die...

#....... #.###### ####
#.# ..# #.# ###.# #.#
####...####.# #
#.#).#......#
..#..###.)##......#
....(.l@.)##......######
..#)..%8.###.####.#.....
#.#..$.# #.. #.#.>...
##.#.##. #.. #.#.....
###$ #.#.. #.#..... ..
.#. #<#..... ##. #
#.'..... ## ###.....
##+###


You could see an iguana.

Vanquished Creatures
  A dart slug (D:1)
  2 leopard geckos (D:1)
  2 orcs (D:2)
  A giant cockroach (D:1)
  8 hobgoblins
  A quokka (D:2)
  A bat (D:1)
  A frilled lizard (D:1)
  7 goblins
  2 kobolds (D:1)
  2 rats (D:1)
28 creatures vanquished.

Notes
Turn   | Place    | Note
-------+----------+-------------------------------------------
     0 | D:1      | Fang the Gargoyle Berserker began the quest for the Orb.
     0 | D:1      | Reached XP level 1. HP: 14/14 MP: 1/1
   151 | D:1      | Reached XP level 2. HP: 17/19 MP: 2/2
   493 | D:1      | Reached XP level 3. HP: 24/24 MP: 3/3
   798 | D:2      | Found a faded altar of an unknown god.
   934 | D:2      | Reached ** piety under Trog
   963 | D:2      | Slain by an iguana

Skill      XL: |  1  2 |
---------------+-------+-----
Axes           | 3 |  3.3
Fighting       | |  3.8
Armour         | |  2.3
Dodging        | |  1.9
Stealth        | |  0.2

Action                   || total
-------------------------++-------
Melee: Hand axe          ||    82
Invok: Berserk           ||     1
 Stab: Sleeping          ||     1
Armor: Animal skin       ||    32
Dodge: Dodged            ||    57
